 Dungeon Crawl Stone Soup version 0.17.1-3-g152610e (webtiles) character file.

1913 doot the Covert (level 8, -1/33 HPs)
             Began as a Felid Enchanter on Apr 27, 2016.
             Was a Believer of Sif Muna.
             Slain by a troll (17 damage)
             ... on level 9 of the Dungeon.
             The game lasted 00:52:19 (11430 turns).

doot the Covert (Felid Enchanter)                  Turns: 11430, Time: 00:52:19

Health: -1/33      AC:  2    Str:  4      XL:     8   Next: 95%
Magic:  20/24      EV: 17    Int: 21      God:    Sif Muna [**....]
Gold:   356        SH:  0    Dex: 17 (18) Spells: 7 memorised, 0 levels left
                                        Lives:  0   Deaths: 2

rFire  . . .     SeeInvis +       - Unarmed
rCold  . . .     Clarity  .     (armour unavailable)
rNeg   . . .     SustAt   .     (shield unavailable)
rPois  .         Gourm    .     (helmet unavailable)
rElec  .         Spirit   .     (cloak unavailable)
rCorr  .         Warding  .     (gloves unavailable)
rMut   .         Stasis   .     (boots unavailable)
MR     +....                    (no amulet)
Stlth  ++++++....               x - +3 ring of intelligence
                                e - ring of magical power

@: drained, quick, somewhat resistant to hostile enchantments, very stealthy
A: no armour, no weapons or thrown items, claws 1, fangs 3, see invisible,
carnivore 3, speed 1, shaggy fur 2, slow metabolism 1, sharp paws
a: Channel Energy, Forget Spell, Renounce Religion


You were on level 9 of the Dungeon.
You worshipped Sif Muna.
Sif Muna was pleased with you.
You were not hungry.

You visited 2 branches of the dungeon, and saw 10 of its levels.

You collected 356 gold pieces.

Inventory:

Missiles
 E - 51 arrows
Jewellery
 e - a ring of magical power (left paw)
 x - a +3 ring of intelligence (right paw)
Wands
 i - a wand of frost (14)
 s - a wand of lightning (5)
 y - a wand of slowing (24)
 B - a wand of confusion (20)
 H - a wand of random effects (17)
 I - a wand of random effects (31)
Scrolls
 f - a scroll of enchant weapon {unknown}
 g - 6 scrolls of identify
 h - 2 scrolls of noise {unknown}
 j - 2 scrolls of random uselessness {unknown}
 k - a scroll of immolation {unknown}
 l - 3 scrolls of remove curse {unknown}
 m - 3 scrolls of blinking
 t - a scroll of recharging {unknown}
 u - a scroll of vulnerability {unknown}
 v - 2 scrolls of fear {unknown}
 C - 2 scrolls of enchant armour {unknown}
 D - 2 scrolls of teleportation {unknown}
 J - a scroll of torment {unknown}
 K - a scroll of amnesia {unknown}
 L - a scroll of magic mapping {unknown}
Potions
 n - 3 potions of magic
 o - 3 potions of curing {unknown}
 p - 2 potions of agility
 q - 3 potions of heal wounds
 r - 2 potions of might {unknown}
 w - a potion of flight {unknown}
 z - 2 potions of berserk rage {unknown}
 F - a potion of poison {unknown}
Books
 a - a book of Maledictions

   Spells                             Type                      Level
   a - Corona                         Hexes                        1
   b - Ensorcelled Hibernation        Hexes/Ice                    2
   c - Confuse                        Hexes                        3
   d - Tukima's Dance                 Hexes                        3
   e - Dazzling Spray                 Conjuration/Hexes            3
 A - a book of Changes

   Spells                             Type                      Level
   a - Beastly Appendage              Transmutation                1
   b - Sticks to Snakes               Transmutation                2
   c - Spider Form                    Transmutation/Poison         3
   d - Ice Form                       Ice/Transmutation            4
   e - Blade Hands                    Transmutation                5
 G - a book of Clouds

   Spells                             Type                      Level
   a - Mephitic Cloud                 Conjuration/Poison/Air       3
   b - Conjure Flame                  Conjuration/Fire             3
   c - Poisonous Cloud                Conjuration/Poison/Air       6
   d - Freezing Cloud                 Conjuration/Ice/Air          6
   e - Ring of Flames                 Charms/Fire                  7
Comestibles
 b - 6 meat rations
 c - 3 beef jerkies
 d - 3 slices of pizza


   Skills:
 + Level 1.8(1.7) Fighting
 * Level 6.9 Dodging
 * Level 11.6(11.5) Stealth
 * Level 4.9 Unarmed Combat
 + Level 4.3(4.2) Spellcasting
 * Level 10.0 Hexes
 + Level 0.4 Transmutations
 + Level 2.9(2.8) Ice Magic


You couldn't memorise any spells.
You knew the following spells:

 Your Spells              Type           Power        Failure   Level  Hunger
a - Corona                Hex            #####..      1%          1    None
b - Ensorcelled Hibernat  Hex/Ice        ####..       1%          2    #......
c - Confuse               Hex            #####...     1%          3    ##.....
d - Tukima's Dance        Hex            #####...     1%          3    ##.....
e - Dazzling Spray        Conj/Hex       ####....     4%          3    ##.....
f - Beastly Appendage     Trmt           #.....       12%         1    None
g - Sticks to Snakes      Trmt           #.........   14%         2    #......


Dungeon Overview and Level Annotations

Branches:
Dungeon (9/15)             Temple (1/1) D:5            Lair (0/8) D:9
    Orc: D:9-12

Altars:
Ashenzari
Cheibriados
Dithmenos
Elyvilon
Fedhas
Gozag
Kikubaaqudgha
Makhleb
Okawaru
Qazlal
Ru
Sif Muna
Trog
Vehumet
Yredelemnul
Zin
The Shining One

Shops:
D:4 :   D:5 }   D:8 (

Annotations:
D:7 AnotherOne's ghost, novice GrBe


Innate Abilities, Weirdness & Mutations

You cannot wear armour.
You are incapable of wielding weapons or throwing items.
You have sharp claws.
You have razor-sharp teeth.
You have supernaturally acute eyesight.
You are carnivorous and can eat meat at any time.
You cover ground quickly.
You are covered in thick fur (AC +2).
You have a slow metabolism.
Your sharp claws are effective at attacking unaware monsters.


Message History

Confirm with . or Enter, or press ? or * to list all spells.
Aiming: Ensorcelled Hibernation
Press: ? - help, Shift-Dir - straight line, f/p - troll
Aim: a troll (chance to defeat MR: 60%)
The troll looks drowsy...
You pounce on the unaware helpless troll!
You eviscerate the troll!!!
The troll is almost dead.
The troll closely misses you. The troll completely misses you.
The troll claws you!
The wolf howls!
You scratch the troll. You bite the troll.
The troll is almost dead.
The jackal pauses to sniff the water.
The troll misses you. x2
The troll claws you!
There is a stone staircase leading up here.
The troll bites you!
Ouch! That really hurt!
You die...

.?.....≈≈≈≈≈≈.≈≈.≈
.......h≈≈h≈≈≈≈≈≈
.......≈≈≈.≈≈≈≈≈≈
#+##..≈†≈..≈≈≈≈≈≈
#.Z...h.≈....≈≈≈≈
####hh........≈≈≈
##.##########.
#####h## #..@T..#
+......+ #......#
#......# ##+#####


You could see a troll and a hound.

Vanquished Creatures
  Sigmund (D:3)
  A wyvern (D:8)
  A hungry ghost (D:7)
  Menkaure (D:4)
  A necrophage (D:8)
  2 ice beasts (D:7)
  2 sky beasts
  5 ogres
  A water moccasin (D:6)
  A big kobold (D:8)
  2 centaurs (D:7)
  3 giant frogs (D:6)
  A scorpion (D:5)
  A water moccasin skeleton (D:7)
  An electric eel (D:9)
  A giant frog zombie (D:6)
  3 orc priests (D:4)
  2 crimson imps
  6 orc wizards
  A centaur skeleton (D:4)
  2 hounds
  A giant frog skeleton (D:5)
  A gnoll shaman (D:4)
  A quasit (D:8)
  An iguana (D:5)
  12 worker ants
  A killer bee zombie (D:5)
  7 adders
  7 gnolls
  A worker ant zombie (D:5)
  A shadow imp (D:5)
  An ooze (D:3)
  An adder skeleton (D:5)
  3 worms
  8 giant geckos
  22 orcs
  A ball python (D:1)
  4 hobgoblins
  6 jackals
  11 kobolds
  4 quokkas
  8 bats
  5 giant cockroaches
  A giant cockroach zombie (D:6)
  5 giant newts
  8 goblins
  7 rats
167 creatures vanquished.

Notes
Turn   | Place    | Note
--------------------------------------------------------------
     0 | D:1      | doot the Felid Enchanter began the quest for the Orb.
     0 | D:1      | Reached XP level 1. HP: 7/7 MP: 4/4
   302 | D:1      | Reached XP level 2. HP: 11/11 MP: 4/6
   317 | D:1      | Learned a level 2 spell: Ensorcelled Hibernation
  1211 | D:2      | Reached XP level 3. HP: 11/14 MP: 7/7
  1558 | D:2      | Found a glowing golden altar of the Shining One.
  2253 | D:3      | Noticed Sigmund
  2683 | D:3      | Reached XP level 4. HP: 18/18 MP: 8/8
  2692 | D:3      | Reached skill level 5 in Stealth
  2693 | D:3      | Reached skill level 5 in Hexes
  3169 | D:3      | Learned a level 3 spell: Confuse
  3180 | D:3      | Found a deep blue altar of Sif Muna.
  3188 | D:3      | Became a worshipper of Sif Muna the Loreminder
  3428 | D:3      | Slain by Sigmund
  3429 | D:3      | Reached XP level 3. HP: -3/15 MP: 7/16
  3514 | D:4      | Reached skill level 1 in Ice Magic
  3688 | D:4      | Noticed an ogre
  3689 | D:4      | Reached XP level 4. HP: 18/18 MP: 8/8
  3718 | D:4      | Killed an ogre
  3718 | D:4      | Reached skill level 6 in Hexes
  3718 | D:4      | Reached XP level 5. HP: 21/21 MP: 9/9
  3819 | D:3      | HP: 1/21 [Sigmund/magic dart (7)]
  4179 | D:4      | HP: 1/21 [orc wizard/magic dart (8)]
  4753 | D:4      | Found Noesoruu's Book Emporium.
  5178 | D:4      | Gained mutation: You are covered in thick fur (AC +2). [Felid growth]
  5178 | D:4      | Reached XP level 6. HP: 25/25 MP: 10/10
  5455 | D:4      | Noticed Menkaure
  5475 | D:4      | Killed Menkaure
  5475 | D:4      | Reached skill level 7 in Hexes
  6078 | D:4      | Reached XP level 7. HP: 16/28 MP: 12/12
  6853 | D:3      | Killed Sigmund
  6853 | D:3      | Reached * piety under Sif Muna
  6853 | D:3      | Reached skill level 5 in Dodging
  6905 | D:5      | Entered Level 5 of the Dungeon
  6913 | D:5      | Found a staircase to the Ecumenical Temple.
  6940 | D:5      | Reached skill level 8 in Stealth
  7196 | D:5      | Reached XP level 8. HP: 31/31 MP: 14/14
  7250 | Temple   | Entered the Ecumenical Temple
  7576 | D:5      | Learned a level 3 spell: Tukima's Dance
  7580 | D:5      | Learned a level 3 spell: Dazzling Spray
  7626 | D:5      | Found Fani's Gadget Emporium.
  7644 | D:5      | Reached skill level 1 in Fighting
  8563 | D:6      | Found a basalt altar of Yredelemnul.
  8570 | D:6      | Found a glowing silver altar of Zin.
  8578 | D:6      | Reached skill level 9 in Stealth
  8823 | D:6      | Learned a level 1 spell: Beastly Appendage
  8960 | D:7      | Found a blossoming altar of Fedhas.
  9056 | D:7      | Noticed AnotherOne's ghost (novice GrBe)
  9160 | D:7      | Found a snail-covered altar of Cheibriados.
  9164 | D:7      | Reached skill level 10 in Stealth
  9173 | D:7      | Found a shattered altar of Ashenzari.
  9174 | D:7      | Found an opulent altar of Gozag.
  9176 | D:7      | Found an iron altar of Okawaru.
  9177 | D:7      | Found a blossoming altar of Fedhas.
  9207 | D:7      | Reached XP level 9. HP: 35/35 MP: 16/16
  9300 | D:7      | Learned a level 2 spell: Sticks to Snakes
  9448 | D:7      | Found a sacrificial altar of Ru.
  9670 | D:7      | Reached ** piety under Sif Muna
 10176 | D:7      | Slain by a spriggan baker
 10177 | D:7      | Reached XP level 8. HP: -3/32 MP: 24/24
 10719 | D:8      | Reached skill level 11 in Stealth
 11170 | D:8      | Found Xeniott's Weapon Boutique.
 11402 | D:9      | Noticed a troll
 11404 | D:9      | Reached skill level 10 in Hexes
 11406 | D:9      | Found a staircase to the Lair.
 11430 | D:9      | Slain by a troll

Action                   |  1- 3 |  4- 6 |  7- 9 || total
-------------------------+-------+-------+-------++-------
Melee: Unarmed           |    84 |    78 |   182 ||   344
 Cast: Corona            |     9 |     4 |     6 ||    19
       Ensorcelled Hiber |    27 |    38 |    50 ||   115
       Confuse           |     2 |     7 |    21 ||    30
       Beastly Appendage |       |       |     7 ||     7
       Sticks to Snakes  |       |       |     4 ||     4
       Tukima's Dance    |       |       |     3 ||     3
       Dazzling Spray    |       |       |     1 ||     1
  Use: Potion            |       |       |     3 ||     3
       Scroll            |       |       |     1 ||     1
 Stab: Sleeping          |    30 |    32 |    58 ||   120
       Distracted        |       |     2 |       ||     2
       Confused          |       |     1 |    13 ||    14
  Eat: Chunk             |     3 |     8 |    10 ||    21
